 Dungeon Crawl Stone Soup version 0.25.1-9-gc5326a611f (webtiles) character file.

Game seed: 7579893665443875145

60 Descartes the Magician (level 3, -1/24 HPs)
             Began as a Demonspawn Wanderer on Dec 31, 2020.
             Slain by Robin
             ... wielding a cursed +0 trident
              (3 damage)
             ... on level 2 of the Dungeon.
             The game lasted 00:04:00 (1859 turns).

Descartes the Magician (Demonspawn Wanderer)        Turns: 1859, Time: 00:04:00

Health: -1/24      AC:  2    Str: 13    XL:     3   Next: 82%
Magic:  1/9        EV: 11    Int: 13    God:
Gold:   31         SH:  0    Dex: 12    Spells: 10/12 levels left

rFire    . . .     SeeInvis .   a - +0 dagger
rCold    . . .     Gourm    .   (no shield)
rNeg     . . .     Faith    .   d - +0 robe
rPois    .         Spirit   .   (no helmet)
rElec    .         Reflect  .   (no cloak)
rCorr    .         Harm     .   (no gloves)
MR       .....                  (no boots)
Stlth    +++.......             (no amulet)
HPRegen  0.08/turn              (no ring)
MPRegen  0.11/turn              (no ring)

@: no status effects
A: nightstalker 1, powered by death 1
a: no special abilities


You were on level 2 of the Dungeon.
You were hungry.

You visited 1 branch of the dungeon, and saw 2 of its levels.

You collected 31 gold pieces.

Inventory:

Hand Weapons
 a - a +0 dagger (weapon)
 b - a +0 hunting sling
Missiles
 g - 17 stones (quivered)
 n - 10 arrows
 o - 23 sling bullets
Armour
 d - a +0 robe (worn)
 j - a +0 buckler
Scrolls
 i - a scroll of blinking {unknown}
 m - a scroll of teleportation {unknown}
 p - a scroll of noise {unknown}
 q - a scroll of identify {unknown}
Potions
 c - a potion of lignification
 e - a potion of magic {unknown}
 h - a potion of stabbing {unknown}
 l - a potion of berserk rage {unknown}
Comestibles
 f - 3 rations


   Skills:
 - Level 1.0 Throwing
 + Level 1.7 Stealth
 + Level 0.5 Shields
 + Level 5.2 Spellcasting
 + Level 2.0 Conjurations
 + Level 2.4 Fire Magic


You had 10 spell levels left.
You knew the following spells:

 Your Spells              Type           Power        Failure   Level  Hunger
a - Foxfire               Conj/Fire      #...         8%          1    None
b - Magic Dart            Conj           #...         8%          1    None

Your spell library contained the following spells:

 Spells                   Type           Power        Failure   Level  Hunger
 Conjure Flame            Conj/Fire      #.......     22%         3    ###....
 Blink                    Tloc           N/A          28%         2    ##.....
 Call Imp                 Summ           #.......     28%         2    ##.....
 Slow                     Hex            #.......     28%         2    ##.....
 Ignite Poison            Fire/Tmut/Pois #.......     36%         3    ###....
 Mephitic Cloud           Conj/Pois/Air  #.......     38%         3    ###....


Dungeon Overview and Level Annotations

Branches:
Dungeon (2/15)

Altars:

Annotations:
D:2 Robin


Innate Abilities, Weirdness & Mutations

You are slightly more attuned to the shadows.
You regenerate a little health from kills.


Message History

Casting: Foxfire (safe; 8% risk of failure)
Confirm with . or Enter, or press ? or * to list all spells.
You don't have enough magic to cast that spell.
You barely miss the goblin. Something hits you! The goblin barely misses you.
You hit the goblin but do no damage. The goblin completely misses you.
Something hits you.
You hit the goblin.
The goblin is heavily wounded.
The goblin barely misses you. Something hits you.
You barely miss the goblin.
The goblin is heavily wounded.
The goblin hits you but does no damage. Something hits you but does no damage.
You barely miss the goblin.
The goblin is heavily wounded.
The goblin hits you. Something hits you!
* * * LOW HITPOINT WARNING * * *
You hit the goblin.
You kill the goblin!
Something hits you.
You die...

#.#####.###.#
#......){.§..
#####.#§###)# #.#†#
#{#g# #.#.# #.#.g
#.#################
#>......{.@.......#
#.##############..#
#.# ........# #.#
#####.#.# #.# #.#.#
#.# #.#.## #.#
#.#..####
..#..##.##
..#...#..##


There were no monsters in sight!

Vanquished Creatures
  2 adders (D:2)
  2 worms (D:2)
  A dart slug (D:1)
  A leopard gecko (D:2)
  A giant cockroach (D:2)
  5 hobgoblins
  A quokka (D:2)
  2 ball pythons
  3 bats
  2 frilled lizards (D:1)
  9 goblins (D:2)
  8 rats
37 creatures vanquished.

Vanquished Creatures (others)
  119 foxfires
119 creatures vanquished.

Grand Total: 156 creatures vanquished

Notes
Turn   | Place    | Note
-------+----------+-------------------------------------------
     0 | D:1      | Descartes the Demonspawn Wanderer began the quest for the
                  | Orb.
     0 | D:1      | Descartes set off with the following items: a +0 club, a
                  | potion of lignification, a +0 robe, a ration; and the
                  | following spells available to memorise: Foxfire, Magic
                  | Dart, Blink, Call Imp, Slow, Conjure Flame, Ignite Poison,
                  | Mephitic Cloud
     0 | D:1      | Reached XP level 1. HP: 13/13 MP: 6/6
     2 | D:1      | Learned a level 1 spell: Foxfire
     4 | D:1      | Learned a level 1 spell: Magic Dart
   245 | D:1      | Gained mutation: You are slightly more attuned to the
                  | shadows. [demonic ancestry]
   245 | D:1      | Reached XP level 2. HP: 19/19 MP: 6/8
   956 | D:2      | Gained mutation: You regenerate a little health from kills.
                  | [demonic ancestry]
   956 | D:2      | Reached XP level 3. HP: 19/24 MP: 6/9
  1822 | D:2      | Noticed Robin
  1859 | D:2      | Slain by Robin

Illustrated notes

Levels and vault maps discovered:
D:1:      co_arrival_square_in_a_square_in_a_square, layout_rooms,
          interstate_on_off
D:2:      layout_basic, grunt_temple_overflow_diamond, minmay_pentomino_v4,
          uniq_robin

Skill      XL: |  1  2  3 |
---------------+----------+-----
Fire Magic     | 2 |  2.4
Conjurations   | 2 |  2.0
Throwing       | |  1.0
Stealth        | |  1.7
Shields        | |  0.5
Spellcasting   | |  5.2

Action                   || total
-------------------------++-------
Melee: Dagger            ||    11
 Cast: Foxfire           ||    86
 Stab: Sleeping          ||     1
  Eat: Chunk             ||     2
Armor: Robe              ||     7
Dodge: Dodged            ||    20
